 Dungeon Crawl Stone Soup version 0.28-a0-793-g31680bbd8b (webtiles) character file.

Game seed: 7181596547264529430

76 ytrimaz the Skirmisher (level 4, -2/35 HPs)
             Began as a Demonspawn Fighter on Nov 4, 2021.
             Slain by a gnoll (6 damage)
             ... on level 2 of the Dungeon.
             The game lasted 00:06:10 (1534 turns).

ytrimaz the Skirmisher (Demonspawn Fighter)         Turns: 1534, Time: 00:06:11

Health: -2/35      AC:  8    Str: 18    XL:     4   Next: 12%
Magic:  4/4        EV:  9    Int:  9    God:
Gold:   37         SH:  4    Dex: 12    Spells: 3/3 levels left

rFire   . . .      SeeInvis .   a - +0 rapier
rCold   . . .      Faith    .   c - +0 buckler
rNeg    . . .      Spirit   .   b - +0 scale mail
rPois   .          Reflect  .   (no helmet)
rElec   .          Harm     .   (no cloak)
rCorr   .          Rampage  .   g - +0 pair of gloves
Will    .....                   (no boots)
Stlth   ..........              (no amulet)
HPRegen 0.11/turn               (no ring)
MPRegen 0.09/turn               (no ring)

@: mighty
A: claws 2, powered by death 1
a: no special abilities


You were on level 2 of the Dungeon.
You visited 1 branch of the dungeon, and saw 2 of its levels.

You collected 37 gold pieces.

Inventory:

Hand Weapons
 a - a +0 rapier (weapon)
Armour
 b - a +0 scale mail (worn)
 c - a +0 buckler (worn)
 g - a +0 pair of gloves (worn)
Scrolls
 e - a scroll of identify
 h - a scroll of fear
Potions
 f - a potion of cancellation


   Skills:
 + Level 3.4 Fighting
 - Level 1.9 Short Blades
 + Level 3.2 Armour
 + Level 1.0 Dodging
 + Level 3.2 Shields
 * Level 1.1 Unarmed Combat


You had 3 spell levels left.
You didn't know any spells.
Your spell library contained the following spells:

 Spells                   Type           Power      Damage    Failure   Level
 Cause Fear               Hex            0%         N/A       100%        4
 Dragon Form              Tmut           0%         N/A       100%        7
 Dragon's Call            Summ           0%         N/A       100%        9


Dungeon Overview and Level Annotations

Branches:
Dungeon (2/15)

Altars:


Innate Abilities, Weirdness & Mutations

You have very sharp fingernails.
You regenerate a little health from kills.


Message History

The worm is almost dead.
The worm bites you!
You puncture the worm!
You kill the worm!
The gnoll shouts!
You hear a shout!
The gnoll shouts! x2
Unknown command.
You puncture the gnoll!
You kill the gnoll!
Your Dodging skill increases to level 1!
You hit the gnoll.
The gnoll is heavily wounded.
The gnoll closely misses you. The gnoll completely misses you.
You closely miss the gnoll.
The gnoll is heavily wounded.
The gnoll barely misses you. You block the gnoll's attack.
The gnoll hits you but does no damage.
The gnoll hits you from afar with a +0 spear.
* * * LOW HITPOINT WARNING * * *
You puncture the gnoll!
You kill the gnoll!
The gnoll hits you but does no damage.
You have reached level 4!
You feel stronger.
Your demonic ancestry asserts itself...
A wave of death washes over you. The gnoll barely misses you.
Things that are here:
a +0 club; a +3 flail; a gnoll corpse You hit the gnoll.
The gnoll is moderately wounded.
The gnoll hits you with a +0 spear.
* * * LOW HITPOINT WARNING * * *
You closely miss the gnoll.
The gnoll is moderately wounded.
The gnoll barely misses you.
Okay, then.
You hit the gnoll.
The gnoll is moderately wounded.
The gnoll hits you with a +0 spear.
You die...

..# #..#.# #.......#.###
#.#########<##.###...........#
#....#†.....##.......#.......##..
#..........>##.# #........<......
...............# #...........##..
.....†...[.....###.).........#
.............................#
#......†.......##g...........#
##...#..........@.#.#......>.#
#######.....).†###..........#
#...#.##)## ##<####..###
#.##.....## .# . #.........# .#
...........# .. ...........# ..
.#.........# #.........#


You could see a gnoll.

Vanquished Creatures
  2 gnolls (D:2)
  2 adders (D:2)
  A worm (D:2)
  3 endoplasms
  A giant cockroach (D:1)
  3 goblins
  3 hobgoblins
  5 jackals (D:1)
  A kobold (D:2)
  A quokka (D:2)
  3 ball pythons
  6 bats
  A frilled lizard (D:1)
  A rat (D:1)
33 creatures vanquished.

Notes
Turn   | Place    | Note
-------+----------+-------------------------------------------
     0 | D:1      | ytrimaz the Demonspawn Fighter began the quest for the Orb.
     0 | D:1      | Reached XP level 1. HP: 18/18 MP: 1/1
   363 | D:1      | Gained mutation: You have sharp fingernails. [demonic
                  | ancestry]
   363 | D:1      | Reached XP level 2. HP: 18/24 MP: 2/2
   660 | D:1      | Found a faded altar of an unknown god.
  1473 | D:2      | Gained mutation: You have very sharp fingernails. [demonic
                  | ancestry]
  1473 | D:2      | Reached XP level 3. HP: 29/29 MP: 3/3
  1514 | D:2      | Reached skill level 1 in Unarmed Combat
  1528 | D:2      | Reached skill level 1 in Dodging
  1531 | D:2      | Gained mutation: You regenerate a little health from kills.
                  | [demonic ancestry]
  1531 | D:2      | Reached XP level 4. HP: 10/35 MP: 4/4
  1534 | D:2      | Slain by a gnoll

Illustrated notes

Levels and vault maps discovered:
D:1:      psy_arrival_fountain, layout_basic,
          ebering_ecumenical_altar_petrified, dk_noncrumbling_2
D:2:      layout_rooms

Skill      XL: |  1  2  3 |
---------------+----------+-----
Armour         | 3 |  3.2
Shields        | 3 |  3.2
Unarmed Combat | 1 |  1.1
Dodging        | 1 |  1.0
Fighting       | |  3.4
Short Blades   | |  1.9

Action                   |  1- 3 |  4- 6 || total
-------------------------+-------+-------++-------
Melee: Rapier            |    82 |     3 ||    85
  Use: Scroll            |     3 |       ||     3
       Potion            |     1 |       ||     1
Armor: Scale mail        |    46 |       ||    46
Dodge: Dodged            |    50 |     2 ||    52
Block: Buckler           |    22 |       ||    22

Table legend: (Time is in decaauts)
 A = Elapsed time spent in this place.
 B = Non-inter-level travel time spent in this place.
 C = Inter-level travel time spent in this place.
 D = Time resting spent in this place.
 E = Time spent auto-exploring this place.
 F = Levels seen in this place.
 G = Mean time per level.
                   A        B        C        D        E       F      G
               +--------+--------+--------+--------+--------+-----+--------+
         Total |   1545 |   1454 |     91 |    100 |   1136 |   2 |  772.5 |
       Dungeon |   1545 |   1454 |     91 |    100 |   1136 |   2 |  772.5 |
               +--------+--------+--------+--------+--------+-----+--------+

Top non-repeatable levels by time:
     D:1: 1448 daAuts
     D:2: 97 daAuts
